← All builds
Pond / Armada / Economy first / OBSERVED BUILD

Standard pond

Armada Pond build order · Supreme Isthmus

Pond's usual economy-first play: Bot Lab around 5:35, boosting the fronts with tidal/wind, then Advanced Metal Extractor and T1 units to help front.

#eco #team support · 492 distinct matches · 109 players · 60% of Armada Pond games · team won 49% of 560 · Recently observed

HOW TO PLAY IT

Key timing: Bot Lab by 5:42

  1. Open tidal, then wind to start boosting front's economy.
  2. Take mex and keep boosting wind or tidal depending on front's needs.
  3. Get a Bot Lab up, start sending Tick and Pawn to front.
  4. Add Advanced Metal Extractor to scale up team's economy.
  5. Switch to tick spam if enemy reaches T2 front before you do.

Phase by phase

TYPICAL OF ITS 492 GAMES
  1. 1
  2. 2
PLAY THE OPENING

Follow the example game's first 6:00 step by step: what to build now, what comes next, and where it goes. At 1× it keeps pace with your own game.

  1. 1

    Up to the Bot Lab

    Economy
    • Metal Extractor4Mex
    • Wind Turbine10Wind
    • Tidal Generator8Tidalfor allies
    • Tidal Generator1Tidal
    • Energy Storage1Energy storage
    Order
    1. Bot LabBot Lab after 4 mex, 10 wind, 1 energy storagedone ~5:36, middle half 3:31–7:01

    Some games also: converter (45%)

    By 5:05 in all: 4 mex · 10 wind · 1 tidal · 1 energy storage

    The example game in this phase · 17 steps
    1. Tidal ×8for Suicide front
    2. Tidal ×2
    3. Mex ×4
    4. Wind ×4
    5. Energy storage
    6. Wind ×3
    7. Energy storage
    8. Converter
    9. Wind ×2
    10. Converter
    11. Wind
    12. Converter ×2
    13. Wind
    14. Converter
    15. Energy storage
    16. Wind
    17. Bot LabBot Labdone 6:12 · typical 5:36
  2. 2

    Bot Lab to 10:00

    Economy
    • Wind Turbine16Wind
    Builders
    • Construction Turret1 Con turret
    • Construction Bot2 Con bot
    Army
    • Tick1 Tick

    Some games also: Lazarus (47%) · converter (45%)

    By 10:00 in all: 4 mex · 31 wind · 1 tidal · 5 converter · 1 energy storage · 2 con turret

    The example game in this phase · 108 steps
    1. Construction BotCon bot
    2. TickTick
    3. Con turret
    4. Construction BotCon bot ×2
    5. TickTick ×13
    6. Construction BotCon bot
    7. TickTick
    8. Wind
    9. TickTick ×2
    10. Wind
    11. Con turret
    12. TickTick
    13. Wind ×2
    14. TickTick
    15. Wind
    16. TickTick
    17. Wind
    18. TickTick
    19. Wind ×2
    20. TickTick
    21. Wind
    22. TickTick
    23. Wind
    24. Advanced Metal ExtractorT2 mexdone 9:42 · typical 9:54
    25. Wind
    26. TickTick ×3
    27. Wind
    28. TickTick
    29. Wind
    30. TickTick
    31. Wind
    32. TickTick
    33. Wind ×2
    34. TickTick
    35. Wind ×2
    36. TickTick
    37. Wind
    38. Advanced Metal ExtractorT2 mex
    39. TickTick
    40. Wind ×2
    41. TickTick
    42. Wind ×2
    43. TickTick
    44. Wind
    45. TickTick ×2
    46. Advanced Metal ExtractorT2 mex
    47. TickTick ×2
    48. Con turret
    49. TickTick ×2
    50. Wind
    51. TickTick
    52. Wind ×2
    53. TickTick
    54. Wind
    55. TickTick
    56. Wind
    57. TickTick ×2
    58. Wind ×2
    59. TickTick
    60. Wind
    61. TickTick ×2
    62. Converter
    63. TickTick
    64. Advanced Metal ExtractorT2 mex
    65. Wind
    66. TickTick
    67. Wind
    68. ChainsawChainsaw
    69. TickTick ×2
    70. Wind
    71. TickTick ×3
    72. Wind
    73. TickTick ×4
    74. Wind
    75. TickTick ×3
    76. Wind
    77. TickTick ×10
    78. Wind
    79. TickTick ×4
    80. ChainsawChainsaw
    81. TickTick ×7
    82. Wind
    83. TickTick
    84. Wind
    85. TickTick ×2
    86. Wind
    87. TickTick ×2
    88. Wind
    89. TickTick ×2
    90. Wind
    91. TickTick ×2
    92. Wind
    93. TickTick ×2
    94. Wind
    95. TickTick ×3
    96. Con turret
    97. TickTick ×6
    98. PawnPawn
    99. Wind
    100. PawnPawn ×4
    101. Fusion ReactorFusionnot finished by 15:00
    102. PawnPawn
    103. Wind
    104. Con turret
    105. PawnPawn
    106. Con turret
    107. Wind
    108. PawnPawn

Counts are medians over the build's games: half of them build more, half fewer. The example game is BeanBro's (46 OS, 23/08/2026); pick another.

Team trades

IN AT LEAST 30% OF ITS GAMES

You hand over

  • Tidal Generator8 Tidal to Suicide front or Frontfirst at 0:10 · in 90% of games

You get

  • Hercules1 Light transport from Air or Techfirst at 4:26 · in 30% of games
  • Hephaestus1 Heavy transport from Air or Techfirst at 4:43 · in 38% of games
  • Fatboy1 Fatboy from Techfirst at 5:03 · in 40% of games
  • Sharpshooter2 Sniper bot from Techfirst at 5:16 · in 42% of games
  • Advanced Construction Bot1 T2 con bot from Techfirst at 8:17 · in 93% of games

How it plays out

Typical game of this build, running totals by minute

Metal produced

010k20k
0:005:0010:0015:00

metal

Enemy metal destroyed

02k4k6k
0:005:0010:0015:00

metal

Own metal lost

02k4k
0:005:0010:0015:00

metal

560 games.

Show as table
ByMetal produced: This buildEnemy metal destroyed: This buildOwn metal lost: This build
1:0011500
2:0027300
3:0082000
4:00151000
5:00223100
6:00298500
7:0038494570
8:0047571239134
9:0057151964370
10:0069142772714
11:00841732701152
12:001038035821584
13:001269541901941
14:001506347542420
15:001770153163019
WHAT THE NUMBERS SAY

This is the role's standard support job, winning slightly under half its games while contributing modest kills for modest losses.

  • + Keeps own losses fairly low relative to kills (2827 destroyed vs 756 lost by 10:00).
  • + Reaches T2 constructor reliably (89% of games) by 8:10.
  • − Metal production trails other roles at 6855 by 10:00.
  • − No kills registered by 5:00, slow to impact the fight.
THE EXAMPLE YOU ARE READING

BeanBro

45.7 OS · 23/08/2026

Open source match ↗

5 received units · includes a constructor
18 metal received · 81684 energy received

Allied construction assistance is unknown. Timings are observations, not a promise of solo reproducibility.

Typical milestones

Bot Lab5:36Middle 50%: 3:31–7:01 · n=503
Advanced Metal Extractor9:54Middle 50%: 8:59–10:38 · n=508

Played most by

Viltrum45games of this buildTeaner39games of this buildUsurpeR28games of this buildzeus_on_god23games of this buildRogShotz20games of this build